 Dungeon Crawl Stone Soup version 0.30.1-4-g462c640d31 (webtiles) character file.

Game seed: 7615538508689318334

42 HagarQim the Firebug (level 3, -3/54 HPs)
             Began as a Demonspawn Fire Elementalist on Aug 18, 2023.
             Slain by an orc priest
             ... wielding a +0 falchion
              (5 damage)
             ... on level 3 of the Dungeon on Aug 19, 2023.
             The game lasted 00:05:47 (1662 turns).

HagarQim the Firebug (Demonspawn Fire Elementalist) Turns: 1662, Time: 00:05:48

Health: -3/54      AC: 21    Str: 10    XL:     3   Next: 33%
Magic:  2/6        EV:  2    Int: 16    God:
Gold:   105        SH:  0    Dex: 13    Spells: 3/6 levels left

rFire   . . .        f - +0 whip
rCold   . . .        (no shield)
rNeg    . . .        a - melded +0 robe
rPois   +            (helmet currently unavailable)
rElec   .            (cloak currently unavailable)
rCorr   .            (gloves currently unavailable)
SInv    .            i - melded +0 pair of boots
Will    .....        (no amulet) Stlth
                     (no ring)
HPRegen 0.29/turn    (no ring)
MPRegen 0.10/turn

%: no passive effects
@: berserking (expiring), tree-form (expiring), very quick
A: stationary, stasis, torment immunity, boosted hp, (thin metallic scales 1)
a: no special abilities


You were on level 3 of the Dungeon.
You were a tree.
You visited 1 branch of the dungeon, and saw 3 of its levels.

You collected 105 gold pieces.

Inventory:

Hand Weapons
 f - a +0 whip (weapon)
Armour
 a - a +0 robe (melded)
 i - a +0 pair of boots (melded)
Scrolls
 d - a scroll of identify {unknown}
 e - a scroll of summoning {unknown}
 h - a scroll of poison {unknown}
 j - 2 scrolls of teleportation
 m - a scroll of brand weapon {unknown}
 n - a scroll of fear
 q - a scroll of fog {unknown}
Potions
 b - a potion of magic
 c - 2 potions of flight {unknown}
 g - 4 potions of curing
 o - a potion of cancellation {unknown}
 p - a potion of brilliance {unknown}


   Skills:
 + Level 0.3 Fighting
 + Level 0.3 Maces & Flails
 + Level 1.9 Dodging
 + Level 1.9 Stealth
 + Level 2.4 Spellcasting
 + Level 1.0 Conjurations
 + Level 3.4 Fire Magic


You had 3 spell levels left.
You knew the following spells:

 Your Spells              Type           Power      Damage    Failure   Level
a - Foxfire               Conj/Fire      36%        2x1d5     8%          1
b - Scorch                Fire           24%        2d6       8%          2

Your spell library contained the following spells:

 Spells                   Type           Power      Damage    Failure   Level
 Inner Flame              Hex/Fire       7%         N/A       28%         3
 Volatile Blastmotes      Fire/Tloc      14%        2d11      28%         3
 Flame Wave               Conj/Fire      9%         2d6       61%         4


Dungeon Overview and Level Annotations

Branches:
Dungeon (3/15)

Altars:

Annotations:
D:3 Sigmund


Innate Abilities, Weirdness & Mutations

You are a tree.
Your roots penetrate the ground, keeping you stationary.
You cannot be teleported.
You are immune to unholy pain and torment.
Your maximum health is greatly increased.
Your equipment is partially melded.
((You are partially covered in thin metallic scales. (AC +2)))


Message History

Something hits you but does no damage.
You barely miss the orc. Your punch misses the orc.
The orc is lightly wounded.
The orc hits you but does no damage.
You barely miss the orc.
The orc is lightly wounded.
Something hits you.
* * * LOW HITPOINT WARNING * * *
The orc priest begins to cast a cantrip, but forgets the words!
The endoplasm hits you but does no damage.
You hit the endoplasm.
You kill the endoplasm!
You hit the orc.
The orc is moderately wounded.
The orc hits you but does no damage. Something hits you but does no damage.
You closely miss the orc priest. The orc barely misses you.
The orc priest hits you but does no damage.
You hit the orc priest.
The orc priest is moderately wounded.
The orc hits you but does no damage.
The orc priest hits you but does no damage.
Something hits you!
* * * LOW HITPOINT WARNING * * *
You closely miss the orc priest.
The orc priest is moderately wounded.
Your transformation is almost over.
You hit the orc priest.
The orc priest is heavily wounded.
The orc hits you but does no damage. The orc priest barely misses you.
Something hits you but does no damage.
You hit the orc priest.
The orc priest is almost dead.
The orc hits you but does no damage. The orc priest completely misses you.
You barely miss the orc priest.
The orc priest is almost dead.
The orc hits you with a +0 flail.
* * * LOW HITPOINT WARNING * * *
Something hits you but does no damage.
The orc priest hits you with a +0 falchion.
You die...

....##.....## ..
##....).#..#...
#............... .
#....##.... ..#
#..........
....##...###...
#.....{..#
#.....)o### ####.
#...#.#♣o.# ......
#####.###.#####......
#..................
...........<.......
.......#######.....
.####### ... #


You could see an orc priest and an orc.

Vanquished Creatures
  A worm (D:3)
  2 dart slugs (D:2)
  2 orcs (D:3)
  5 ball pythons
  4 bats
  An endoplasm (D:3)
  4 goblins
  3 hobgoblins
  3 jackals (D:1)
  3 kobolds
  2 rats
30 creatures vanquished.

Vanquished Creatures (others)
  22 foxfires
22 creatures vanquished.

Grand Total: 52 creatures vanquished

Notes
Turn   | Place    | Note
-------+----------+-------------------------------------------
     0 | D:1      | HagarQim the Demonspawn Fire Elementalist began the quest
                  | for the Orb.
     0 | D:1      | Reached XP level 1. HP: 13/13 MP: 3/3
   187 | D:1      | Reached skill level 3 in Fire Magic
   187 | D:1      | Gained mutation: You are partially covered in thin metallic
                  | scales. (AC +2) [demonic ancestry]
   187 | D:1      | Reached XP level 2. HP: 15/19 MP: 0/5
   239 | D:1      | Learned a level 2 spell: Scorch
  1122 | D:2      | Reached XP level 3. HP: 23/24 MP: 6/6
  1637 | D:3      | Noticed Sigmund
  1662 | D:3      | HP: 2/54 [orc/+0 flail (6)]
  1662 | D:3      | Slain by an orc priest

Illustrated notes

Levels and vault maps discovered:
D:1:      giann_horns, layout_basic, chequers_serial_rivers_small_b
D:2:      layout_basic
D:3:      layout_rooms, mainiacjoe_overflow_brackets, minmay_pentangle,
          uniq_robin, uniq_sigmund, uniq_crazy_yiuf_cottage

Skill      XL: |  1 |
---------------+----+-----
Fire Magic     | 3 |  3.4
Fighting       | |  0.3
Maces & Flails | |  0.3
Dodging        | |  1.9
Stealth        | |  1.9
Spellcasting   | |  2.4
Conjurations   | |  1.0

Action                     || total
---------------------------++-------
  Melee: Whip              ||   104
         Unarmed           ||     2
   Cast: Foxfire           ||    13
         Scorch            ||     1
    Use: Scroll            ||     2
         Potion            ||     2
   Stab: Sleeping          ||     1
 Armour: Robe              ||    33
         Skin              ||    18
  Dodge: Dodged            ||    86
